 Dungeon Crawl Stone Soup version 0.30.0-18-gf1372a6a44 (webtiles) character file.

Game seed: 13674467105719029722

394 qw the Chopper (level 6, 1/1 HPs)
             Began as a Gargoyle Fighter on May 22, 2023.
             Quit the game on level 3 of the Dungeon.
             The game lasted 00:05:54 (36875 turns).

qw the Chopper (Gargoyle Fighter)                  Turns: 36875, Time: 00:05:55

Health: 1/1        AC: 14    Str: 22    XL:     6   Next: 81%
Magic:  6/6        EV:  8    Int:  8    God:
Gold:   39         SH:  4    Dex:  9    Spells: 5/5 levels left

rFire   . . .        Y - +1 war axe (flame)
rCold   . . .        c - +0 buckler
rNeg    + . .        j - +0 chain mail
rPois   inf          (no helmet)
rElec   +            (no cloak)
rCorr   .            a - +0 pair of gloves
SInv    .            (no boots)
Will    .....        (no amulet) Stlth
                     (no ring)
HPRegen 0.20/turn    (no ring)
MPRegen 0.10/turn

%: no passive effects
@: no status effects
A: sickness immunity, AC +4, negative energy resistance 1, electricity
resistance, torment resistance 1, petrification resistance
a: no special abilities


You were on level 3 of the Dungeon.
You visited 1 branch of the dungeon, and saw 5 of its levels.

You collected 273 gold pieces.
You spent 234 gold pieces at shops.


Innate Abilities, Weirdness & Mutations

You are immune to sickness and miasma.
Your stone body is resilient. (AC +4)
You are immune to poison.
You resist negative energy. (rN+)
You are resistant to electric shocks. (rElec)
You are resistant to unholy torment.
You are immune to petrification.


   Skills:
 - Level 4.1 Fighting
 + Level 5.8 Axes
 - Level 1.0 Throwing
 - Level 3.2 Armour
 - Level 0.5 Dodging
 - Level 3.2 Shields


You had 5 spell levels left.
You didn't know any spells.
Your spell library was empty.

Inventory:

Hand Weapons
 Y - a +1 war axe of flaming (weapon)
Missiles
 g - a boomerang (quivered)
Armour
 a - a +0 pair of gloves (worn)
 c - a +0 buckler (worn)
 j - a +0 chain mail (worn)
Scrolls
 h - a scroll of teleportation
 i - a scroll of identify
Potions
 d - a potion of might
 e - a potion of curing
 f - a potion of lignification {unknown}
 k - a potion of mutation {unknown}
 l - a potion of degeneration {unknown}
 m - 2 potions of heal wounds

Dungeon Overview and Level Annotations

Branches:
Dungeon (5/15)             Temple (0/1) D:4

Altars:
Ashenzari
Makhleb
Okawaru
Uskayaw
Yredelemnul

Shops:
D:4 !*[


Message History

There is a stone staircase leading up here.
Zot's power touches on you...
You have lingered too long.
Zot senses you.
Dive deeper or flee this branch before you suffer!
There is a stone staircase leading up here.
There is a stone staircase leading up here.
There is a stone staircase leading up here.
There is a stone staircase leading up here.
There is a stone staircase leading up here.
There is a stone staircase leading up here.
There is a stone staircase leading down here.
There is a stone staircase leading up here.
There is a stone staircase leading up here.
There is a stone staircase leading up here.
There is a stone staircase leading up here.
There is a stone staircase leading up here.
There is a stone staircase leading up here.
There is a stone staircase leading down here.
There is a stone staircase leading up here.
There is a stone staircase leading up here.
There is a stone staircase leading up here.
Zot draws nearer.
Dive deeper or flee this branch before you suffer!
There is a stone staircase leading up here.
There is a stone staircase leading up here.
There is a stone staircase leading up here.
There is a stone staircase leading down here.
There is a stone staircase leading up here.
There is a stone staircase leading up here.
There is a stone staircase leading up here.
There is a stone staircase leading up here.
There is a stone staircase leading up here.
There is a stone staircase leading up here.
There is a stone staircase leading down here.
There is a stone staircase leading up here.
There is a stone staircase leading up here.
Zot has nearly found you.
Suffering is imminent.
Descend or flee this branch!
There is a stone staircase leading up here.
There is a stone staircase leading up here.
There is a stone staircase leading up here.
Zot's power touches on you...
Are you sure you want to abandon this character and quit the game? (Confirm with "yes".)

#.#.#.# #...........###.
#.#.#.# #........#..# #.
#.#%#.# #...........###.
#.....# #.#######.......
#.....# #.#.....#.###.##
###.### #.#.....#.# #.#
#.# #.#.._..'.# #.# #.#
####.#.....#.# #.# #.#
#.@..#.....#.###.# #.#
#.#..#######.....#
#.####.##.........######
#....<.........#.## ####
######.####..###.# #...
#.####..###.# #...
#...........####.##
#############.....[
#.##.##


There were no monsters in sight!

Vanquished Creatures
  An ogre (D:4)
  A scorpion (D:3)
  A hound (D:3)
  An orc priest (D:4)
  A sleepcap (D:4)
  Jessica (D:2)
  4 gnolls (D:5)
  3 adders
  A shadow imp (D:5)
  A dart slug (D:1)
  A worm (D:2)
  14 orcs
  7 endoplasms
  3 goblins
  A hobgoblin (D:3)
  A quokka (D:1)
  3 ball pythons
  3 bats (D:1)
  2 frilled lizards (D:2)
  6 kobolds
  3 rats
59 creatures vanquished.

Notes
Turn   | Place    | Note
-------+----------+-------------------------------------------
     0 | D:1      | qw the Gargoyle Fighter began the quest for the Orb.
     0 | D:1      | Reached XP level 1. HP: 14/14 MP: 1/1
     0 | D:1      | 0 ||| qw: Version: 0.2-a-98-g5d7165a
     0 | D:1      | 0 ||| qw: Game counter: 3
     0 | D:1      | 0 ||| qw: Always use a shield: true
     0 | D:1      | 0 ||| qw: God list: Okawaru
     0 | D:1      | 0 ||| qw: Allow faded altars: false
     0 | D:1      | 0 ||| qw: Do Orc after D:15 true
     0 | D:1      | 0 ||| qw: Do second Lair branch before Depths: true
     0 | D:1      | 0 ||| qw: Lair rune preference: random
     0 | D:1      | 0 ||| qw: Plans: Normal, Zot:1-4, God:TSO, Crypt, Tomb,
                  | Pan, Slime:5, Hells, Abyss, Win
     0 | D:1      | 0 ||| PLANNING D:1-11
    81 | D:1      | Reached skill level 2 in Axes
   162 | D:1      | Reached XP level 2. HP: 19/19 MP: 2/2
   296 | D:1      | 296 ||| Stepping ~*~*~tactically~*~*~ (hiding).
   692 | D:1      | 692 ||| DROPPING ring of wizardry.
   693 | D:1      | 693 ||| READING scroll labelled BUOWOKI WEUHYWK.
   694 | D:1      | 694 ||| READING scroll labelled ATOL HYOROACA.
   699 | D:1      | 699 ||| READING scroll labelled GOEKEUN XISOUL.
   700 | D:1      | 700 ||| DROPPING +0 whip.
   701 | D:1      | 701 ||| DRINKING 2 smoky amethyst potions.
   856 | D:2      | Identified the +8 short sword of Balance {elec, Will++
                  | Int+4 Dex-3}
   967 | D:2      | Reached skill level 3 in Axes
  1039 | D:2      | Reached XP level 3. HP: 23/23 MP: 3/3
  1096 | D:2      | Found a basalt altar of Yredelemnul.
  1274 | D:2      | Reached skill level 1 in Throwing
  1374 | D:2      | Noticed Jessica
  1382 | D:2      | Killed Jessica
  1383 | D:2      | Reached XP level 4. HP: 20/28 MP: 4/4
  1418 | D:2      | 1418 ||| UPGRADING to +0 pair of gloves.
  1423 | D:2      | 1423 ||| READING scroll labelled UWUSIRR LAMMIC.
  1424 | D:2      | 1424 ||| READING scroll labelled FOUPNAXITRO.
  1425 | D:2      | 1425 ||| READING 3 scrolls labelled OTEUTZ UKOV.
  1426 | D:2      | 1426 ||| DROPPING 2 scrolls of amnesia.
  1580 | D:3      | Found a burning altar of Makhleb.
  1795 | D:3      | Reached skill level 4 in Axes
  2041 | D:3      | 2041 ||| Stepping ~*~*~tactically~*~*~ (hiding).
  2043 | D:3      | 2043 ||| Stepping ~*~*~tactically~*~*~ (hiding).
  2212 | D:3      | 2212 ||| READING scroll labelled BEAWIEJ PAOWI.
  2213 | D:3      | 2213 ||| READING 2 scrolls labelled DENIAR SATT.
  2214 | D:3      | 2214 ||| READING scroll labelled INUZUWKIUP.
  2215 | D:3      | 2215 ||| READING scroll labelled CIYTED XUIHUKK.
  2216 | D:3      | 2216 ||| DRINKING 2 fizzy amethyst potions.
  2217 | D:3      | 2217 ||| DROPPING scroll of noise.
  2220 | D:4      | Noticed a scorpion
  2223 | D:4      | 2223 ||| STAIRDANCE
  2231 | D:3      | HP: 5/28 [scorpion (3)]
  2232 | D:3      | 2232 ||| READING scroll of teleportation.
  2233 | D:3      | 2233 ||| DRINKING potion of heal wounds.
  2408 | D:4      | Reached XP level 5. HP: 32/32 MP: 5/5
  2609 | D:4      | Noticed an ogre
  2616 | D:4      | Killed an ogre
  2617 | D:4      | Reached skill level 5 in Axes
  2617 | D:4      | Reached XP level 6. HP: 15/37 MP: 6/6
  2741 | D:4      | Found a staircase to the Ecumenical Temple.
  2886 | D:4      | Found Delyuki's Assorted Antiques.
  2887 | D:4      | Found Ovurir's Distillery.
  2889 | D:4      | Found Izofonae's Antique Armour Shop.
  2895 | D:4      | 2895 ||| BUYING scroll labelled VEGOMA TYIKOVY (26 gold).
  2895 | D:4      | Bought a scroll labelled VEGOMA TYIKOVY for 26 gold pieces
  2895 | D:4      | 2895 ||| BUYING scroll of identify (52 gold).
  2895 | D:4      | Bought a scroll of identify for 52 gold pieces
  2895 | D:4      | 2895 ||| BUYING scroll of identify (52 gold).
  2895 | D:4      | Bought a scroll of identify for 52 gold pieces
  2895 | D:4      | 2895 ||| BUYING tapered bronze wand (104 gold).
  2895 | D:4      | Bought a tapered bronze wand for 104 gold pieces
  2895 | D:4      | 2895 ||| SHOPLISTING viscous emerald potion (23 gold, have
                  | 8).
  2895 | D:4      | 2895 ||| SHOPLISTING viscous yellow potion (23 gold, have
                  | 8).
  2910 | D:4      | Found a basalt altar of Yredelemnul.
  3187 | D:4      | 3187 ||| READING scroll labelled VEGOMA TYIKOVY.
  3188 | D:4      | 3188 ||| READING 2 scrolls of identify.
  3188 | D:4      | 3188 ||| IDENTIFYING golden potion
  3189 | D:4      | 3189 ||| DROPPING potion of magic.
  3190 | D:4      | 3190 ||| DROPPING wand of paralysis (3).
  3408 | D:4      | 3408 ||| Stepping randomly (stuck).
  3507 | D:4      | 3507 ||| SHOPLISTING glowing scale mail (126 gold, have
                  | 20).
  3507 | D:4      | 3507 ||| SHOPLISTING plate armour (414 gold, have 20).
  3507 | D:4      | 3507 ||| SHOPLISTING shiny orb (216 gold, have 20).
  3547 | D:5      | Entered Level 5 of the Dungeon
  3635 | D:5      | 3635 ||| Stepping ~*~*~tactically~*~*~ (hiding).
  3636 | D:5      | 3636 ||| Stepping ~*~*~tactically~*~*~ (hiding).
  3736 | D:5      | Found an iron altar of Okawaru.
  3737 | D:5      | 3737 ||| PLANNING OKAWARU WORSHIP
  3737 | D:5      | 3737 ||| UPGRADING to +0 chain mail.
  3747 | D:5      | 3747 ||| DROPPING +0 scale mail.
  3748 | D:5      | Found a broken altar of Ashenzari.
  3748 | D:5      | Found a hide-covered altar of Uskayaw.
  3754 | D:5      | Became a worshipper of Warmaster Okawaru
  3754 | D:5      | 3754 ||| PLANNING D:1-11
  3893 | D:3      | 3893 ||| STAIRDANCE
  3931 | D:3      | 3931 ||| STAIRDANCE
  3969 | D:3      | 3969 ||| STAIRDANCE
  4007 | D:3      | 4007 ||| STAIRDANCE
  4045 | D:3      | 4045 ||| STAIRDANCE
  4083 | D:3      | 4083 ||| STAIRDANCE
  4121 | D:3      | 4121 ||| STAIRDANCE
  4151 | D:3      | 4151 ||| Stepping ~*~*~tactically~*~*~ (stealth).
  4167 | D:3      | 4167 ||| STAIRDANCE
  4205 | D:3      | 4205 ||| STAIRDANCE
  4243 | D:3      | 4243 ||| STAIRDANCE
  4281 | D:3      | 4281 ||| STAIRDANCE
  4319 | D:3      | 4319 ||| STAIRDANCE
  4357 | D:3      | 4357 ||| STAIRDANCE
  4395 | D:3      | 4395 ||| STAIRDANCE
  4433 | D:3      | 4433 ||| STAIRDANCE
  4471 | D:3      | 4471 ||| STAIRDANCE
  4509 | D:3      | 4509 ||| STAIRDANCE
  4547 | D:3      | 4547 ||| STAIRDANCE
  4585 | D:3      | 4585 ||| STAIRDANCE
  4623 | D:3      | 4623 ||| STAIRDANCE
 10265 | D:3      | Fell from the grace of Okawaru
 28874 | D:3      | Glimpsed the power of Zot.
 29374 | D:3      | Glimpsed the power of Zot.
 29774 | D:3      | Glimpsed the power of Zot.
 29874 | D:3      | Touched by the power of Zot.
 29875 | D:3      | Glimpsed the power of Zot.
 30375 | D:3      | Glimpsed the power of Zot.
 30775 | D:3      | Glimpsed the power of Zot.
 30874 | D:3      | Touched by the power of Zot.
 30875 | D:3      | Glimpsed the power of Zot.
 31375 | D:3      | Glimpsed the power of Zot.
 31775 | D:3      | Glimpsed the power of Zot.
 31874 | D:3      | Touched by the power of Zot.
 31875 | D:3      | Glimpsed the power of Zot.
 32375 | D:3      | Glimpsed the power of Zot.
 32775 | D:3      | Glimpsed the power of Zot.
 32874 | D:3      | Touched by the power of Zot.
 32875 | D:3      | Glimpsed the power of Zot.
 33375 | D:3      | Glimpsed the power of Zot.
 33775 | D:3      | Glimpsed the power of Zot.
 33874 | D:3      | Touched by the power of Zot.
 33875 | D:3      | Glimpsed the power of Zot.
 34375 | D:3      | Glimpsed the power of Zot.
 34775 | D:3      | Glimpsed the power of Zot.
 34874 | D:3      | Touched by the power of Zot.
 34875 | D:3      | Glimpsed the power of Zot.
 35375 | D:3      | Glimpsed the power of Zot.
 35775 | D:3      | Glimpsed the power of Zot.
 35874 | D:3      | Touched by the power of Zot.
 35875 | D:3      | Glimpsed the power of Zot.
 36375 | D:3      | Glimpsed the power of Zot.
 36775 | D:3      | Glimpsed the power of Zot.
 36874 | D:3      | Touched by the power of Zot.
 36875 | D:3      | Quit the game

Levels and vault maps discovered:
D:1:      sevenhm_arrival_forest_fort_small_3, layout_loops_ring
D:2:      layout_basic, basic_altar, uniq_jessica
D:3:      layout_loops_cross, amcnicky_altar_gilded, minmay_crystal_room,
          nrook_uturn
D:4:      layout_basic, kennysheep_mini, minmay_temple_entry_from_below_a,
          nicolae_shop_distant_corner_stores, chequers_big_river
D:5:      layout_gridville, gammafunk_temple_overflow_wave,
          gammafunk_temple_overflow_forgotten, kennysheep_nub

Skill      XL: |  1  2  3  4  5  6 |
---------------+-------------------+-----
Axes           | 2 3 4 5 |  5.8
Throwing       | 1 |  1.0
Fighting       | 4 |  4.1
Armour         | |  3.2
Dodging        | |  0.5
Shields        | |  3.2

Action                     |  1- 3 |  4- 6 || total
---------------------------+-------+-------++-------
  Melee: War axe           |    61 |    99 ||   160
  Throw: Javelin           |     9 |    10 ||    19
         Boomerang         |       |    18 ||    18
    Use: Scroll            |     3 |    10 ||    13
         Potion            |     1 |     2 ||     3
 Armour: Scale mail        |    24 |    54 ||    78
         Chain mail        |       |     3 ||     3
  Dodge: Dodged            |    17 |    24 ||    41
  Block: Buckler           |     8 |    19 ||    27

Table legend:
 A = Non-vault XP
 B = Vault XP
 C = Vault XP percentage of total XP
 D = Non-vault monster count
 E = Vault monster count
 F = Vault count percentage of total count
                 A         B        C        D         E       F
            +---------+---------+-------+---------+---------+-------
      Total |     526 |      37 |   6.6 |      58 |       1 |   1.7
            +---------+---------+-------+---------+---------+-------
        D:1 |      26 |       0 |   0.0 |      15 |       0 |   0.0
        D:2 |      24 |      37 |  60.7 |       8 |       1 |  11.1
        D:3 |     145 |       0 |   0.0 |      11 |       0 |   0.0
        D:4 |     247 |       0 |   0.0 |      14 |       0 |   0.0
        D:5 |      84 |       0 |   0.0 |      10 |       0 |   0.0
            +---------+---------+-------+---------+---------+-------
